cohdb
Replays
Latest Replays
All Replays
Popular Replays
Top Player Replays
Match Explorer
How It Works
Community
CoH3 Stats
Reddit
Sign in to upload your games and track your stats! →
Sign in with Steam
Match 42173893
Unlisted
Match 42173893
Overview
Messages
Build Orders
End
250 Light Carrier
Kradschützen Motorcycle Team
Selects Battlefield Espionage Battlegroup
Panzergrenadier Squad
Panzergrenadier Squad
Construct Light Support Kompanie
Selects Intel Disruption Beacon
MG34 Team
Fire Support Elements
Panzergrenadier Squad
2.5-tonne Medical Truck
Sgt wiggumZ
MZMZ
jerjawe
thanataur
Pano_ramix
koukledes
0
0
Comments
sign in to comment!
No comments posted yet!